[Event "White Rook U14 Final 2019"]
[Site "Sochi"]
[Date "2019.06.09"]
[Round "8.4"]
[White "Zeliantsova, Kseniya"]
[Black "Loviagina, Dariana"]
[Result "1-0"]
[ECO "B28"]
[WhiteElo "1892"]
[BlackElo "1297"]
[Annotator "NA"]
[PlyCount "75"]
[EventDate "2019.06.02"]
[EventCountry "RUS"]
[SourceTitle "playchess.com"]
[Source "ChessBase"]
[SourceQuality "1"]
[TimeControl "5400+30"]

1. e4 c5 2. Nf3 a6 3. d3 Nc6 4. g3 e5 5. Bg2 d6 6. O-O Nf6 7. c3 Be7 8. d4 exd4 9. cxd4 Nxe4 10. d5 Nb8 11. Qa4+ b5 12. Qxe4 O-O 13. Nc3 Nd7 14. Re1 Re8 15. Bf4 Nf6 16. Qd3 Bb7 17. Ng5 h6 18. Nge4 b4 19. Nxf6+ Bxf6 20. Rxe8+ Qxe8 21. Ne4 Bxb2 22. Nxd6 Qd7 23. Rb1 c4 24. Qxc4 g5 25. Nxb7 gxf4 26. Nc5 Qd6 27. Rxb2 Rc8 28. Ne4 Rxc4 29. Nxd6 Rc1+ 30. Bf1 fxg3 31. hxg3 Rd1 32. Nf5 Kh7 33. Ne3 Rd4 34. Bxa6 Kg6 35. Rc2 f6 36. Rc4 Rd2 37. Rxb4 Rxa2 38. Bd3+ 1-0

[Event "White Rook U14 Final 2019"]
[Site "Sochi"]
[Date "2019.06.09"]
[Round "8.5"]
[White "Kurus, Artem"]
[Black "Tugstumur, Yesuntumur"]
[Result "0-1"]
[ECO "B07"]
[WhiteElo "1769"]
[BlackElo "2356"]
[Annotator "NA RC"]
[PlyCount "96"]
[EventDate "2019.06.02"]
[EventCountry "RUS"]
[SourceTitle "playchess.com"]
[Source "ChessBase"]
[SourceQuality "1"]
[TimeControl "5400+30"]

1. d4 Nf6 2. Nf3 g6 3. Nbd2 Bg7 4. e4 d6 5. Bb5+ c6 6. Bd3 O-O 7. O-O Qc7 8. c3 e5 9. dxe5 dxe5 10. Nc4 Nh5 11. g3 Rd8 12. Qc2 b5 13. Ne3 Nd7 14. b4 Nb6 15. Nd2 Bh3 16. Rd1 Na4 17. Nb3 Qe7 18. Nf1 f5 19. exf5 e4 20. Be2 Nxc3 21. Rxd8+ Qxd8 22. Bb2 Nxe2+ 23. Qxe2 Bxf5 24. Bxg7 Nxg7 25. Rd1 Qe7 26. Qd2 Ne6 27. Qc3 Bg4 28. Qxc6 Rf8 29. Rc1 Ng5 30. Nbd2 Qf7 31. Qc5 Nh3+ 32. Kg2 Qxf2+ 33. Qxf2 Rxf2+ 34. Kh1 h5 35. Re1 Bd7 36. Re3 Bc6 37. Nxe4 Ng5 38. Kg1 Nxe4 39. Rxe4 Rxf1+ 40. Kxf1 Bxe4 41. Ke2 Kf7 42. Ke3 Bd5 43. a3 Ke6 44. Kd4 Kd6 45. h3 Be6 46. h4 Bf5 47. Kc3 Ke5 48. Kd2 Kd4 0-1

[Event "White Rook U14 Final 2019"]
[Site "Sochi"]
[Date "2019.06.09"]
[Round "8.6"]
[White "Munkhzul, Davaakhuu"]
[Black "Usov, Aleksandr E."]
[Result "0-1"]
[ECO "B15"]
[WhiteElo "1806"]
[BlackElo "1812"]
[Annotator "NA"]
[PlyCount "165"]
[EventDate "2019.06.02"]
[EventCountry "RUS"]
[SourceTitle "playchess.com"]
[Source "ChessBase"]
[SourceQuality "1"]
[TimeControl "5400+30"]

1. e4 c6 2. d4 d5 3. Nc3 dxe4 4. Nxe4 Nf6 5. Nxf6+ exf6 6. Nf3 Bd6 7. Bd3 O-O 8. O-O Re8 9. c3 Bg4 10. h3 Bh5 11. Be3 Nd7 12. Re1 Nf8 13. Be2 Qc7 14. Nd2 Bxe2 15. Qxe2 f5 16. g3 Bxg3 17. Nf1 Bd6 18. Qf3 Qd7 19. Bf4 Bxf4 20. Qxf4 g6 21. h4 Ne6 22. Qh6 Rad8 23. Ng3 Qc7 24. Re3 Qf4 25. Qxf4 Nxf4 26. Rae1 Rxe3 27. Rxe3 Ne6 28. Ne2 Rd7 29. Kg2 b6 30. Rd3 h5 31. c4 f6 32. f4 Nc5 33. Rd1 Ne4 34. Kf3 Kf7 35. d5 a6 36. Rd4 c5 37. Rd3 b5 38. b3 b4 39. Nc1 a5 40. Rd1 Ke7 41. Nd3 Kd6 42. Rg1 Rg7 43. Rh1 a4 44. Rh2 axb3 45. axb3 Ra7 46. Rg2 Ra3 47. Nc1 Ra1 48. Rc2 Kd7 49. Ke3 Rb1 50. Kf3 Ke7 51. Ke3 Kf7 52. Kf3 Kg7 53. Ke3 Kh6 54. Kf3 g5 55. Kg2 g4 56. Kh2 Kg6 57. Kg2 Kf7 58. Kh2 Ke7 59. Kg2 Kd7 60. Kh2 Nd6 61. Nd3 Ne4 62. Nc1 Kc7 63. Kg2 Kb6 64. Kh2 Nd6 65. Kg2 Nc8 66. Kh2 Ne7 67. Re2 Nxd5 68. Re6+ Kc7 69. Nd3 Rxb3 70. cxd5 Rxd3 71. Rc6+ Kd7 72. Rxc5 Kd6 73. Rb5 Rd4 74. Kg3 Rc4 75. Rb6+ Kxd5 76. Rxf6 Rc3+ 77. Kg2 Ke4 78. Rb6 b3 79. Rb4+ Kd3 80. Rb5 Kc2 81. Rxf5 b2 82. Rb5 b1=Q 83. Rxb1 0-1

[Event "White Rook U14 Final 2019"]
[Site "Sochi"]
[Date "2019.06.09"]
[Round "8.7"]
[White "Saikin, Ilia"]
[Black "Aldar Burentegsh"]
[Result "1/2-1/2"]
[ECO "D35"]
[WhiteElo "1641"]
[BlackElo "1812"]
[Annotator "NA"]
[PlyCount "75"]
[EventDate "2019.06.02"]
[EventCountry "RUS"]
[SourceTitle "playchess.com"]
[Source "ChessBase"]
[SourceQuality "1"]
[TimeControl "5400+30"]

1. d4 d5 2. c4 e6 3. Nc3 Nf6 4. cxd5 exd5 5. Bg5 Be7 6. e3 Be6 7. Nf3 O-O 8. Bd3 Nbd7 9. O-O h6 10. Bf4 Nh5 11. Ne5 Nxf4 12. exf4 c5 13. Nxd7 Qxd7 14. dxc5 Bxc5 15. Qf3 f6 16. f5 Bf7 17. Rad1 d4 18. Ne4 b6 19. b3 Bd5 20. Rc1 Rfe8 21. Bb5 Qxb5 22. Nxf6+ gxf6 23. Qxd5+ Kf8 24. a4 Qe2 25. b4 Rad8 26. Qb3 Bd6 27. Qh3 Kg7 28. g4 Re4 29. f3 Rf4 30. Rce1 Qc4 31. Re6 Qc7 32. Rfe1 d3 33. Rxf6 Kxf6 34. Qxh6+ Kf7 35. Qh7+ Kf8 36. Qh8+ Kf7 37. Qh7+ Kf8 38. Qh8+ 1/2-1/2

[Event "White Rook U14 Final 2019"]
[Site "Sochi"]
[Date "2019.06.09"]
[Round "8.8"]
[White "Unurzul, Davaakhuu"]
[Black "Krupnova, Anna"]
[Result "0-1"]
[ECO "B13"]
[WhiteElo "1442"]
[BlackElo "1714"]
[Annotator "NA"]
[PlyCount "160"]
[EventDate "2019.06.02"]
[EventCountry "RUS"]
[SourceTitle "playchess.com"]
[Source "ChessBase"]
[SourceQuality "1"]
[TimeControl "5400+30"]

1. e4 c6 2. Nf3 d5 3. exd5 cxd5 4. d4 a6 5. h3 Bf5 6. Bd3 Bxd3 7. Qxd3 e6 8. Nc3 Bd6 9. O-O Ne7 10. a3 Nbc6 11. Re1 h6 12. Ne2 Qc7 13. c4 dxc4 14. Qxc4 O-O 15. b4 Rad8 16. Kh1 b5 17. Qb3 Nd5 18. Bb2 Qb6 19. Red1 Nce7 20. Rac1 Ng6 21. Kg1 Rc8 22. Ne5 Qb7 23. Rxc8 Rxc8 24. Qf3 Nh4 25. Qe4 Nf5 26. Nf4 Rc7 27. Nxd5 Qxd5 28. Qxd5 exd5 29. g4 Rc2 30. gxf5 Rxb2 31. Rc1 Bxe5 32. Rc8+ Kh7 33. dxe5 Re2 34. Re8 d4 35. Kf1 d3 36. e6 fxe6 37. fxe6 Kg6 38. Rd8 Rxe6 39. Rxd3 Kf6 40. Kg2 Ke5 41. Kf3 Kf5 42. Rc3 g5 43. Rd3 Rc6 44. Rd5+ Ke6 45. Rd3 Ke5 46. Ke3 Rc4 47. Kf3 Rf4+ 48. Ke3 Rh4 49. Ke2 Re4+ 50. Kf3 Rd4 51. Rc3 Kd5 52. Rc5+ Kd6 53. Rc3 Rh4 54. Ke2 Kd5 55. Kd2 Rf4 56. Ke2 Re4+ 57. Kd2 Rh4 58. Ke2 Kd4 59. Kd2 Rf4 60. Rd3+ Kc4 61. Rc3+ Kd4 62. Rd3+ Kc4 63. Rc3+ Kd4 64. Rd3+ Ke4 65. Re3+ Kd5 66. Ke2 Re4 67. Kd3 Rxe3+ 68. Kxe3 Kc4 69. Ke4 Kb3 70. Kf5 Kxa3 71. Kg6 Kxb4 72. Kxh6 a5 73. Kxg5 a4 74. f4 a3 75. f5 a2 76. h4 a1=Q 77. f6 Qg1+ 78. Kf5 Qg8 79. h5 Kc5 80. h6 b4 0-1

[Event "White Rook U14 Final 2019"]
[Site "Sochi"]
[Date "2019.06.09"]
[Round "8.9"]
[White "Efimov, Leonid"]
[Black "Mongush, Kezhik"]
[Result "1-0"]
[ECO "A35"]
[WhiteElo "1666"]
[BlackElo "1824"]
[Annotator "NA"]
[PlyCount "79"]
[EventDate "2019.06.02"]
[EventCountry "RUS"]
[SourceTitle "playchess.com"]
[Source "ChessBase"]
[SourceQuality "1"]
[TimeControl "5400+30"]

1. Nf3 c5 2. c4 Nc6 3. Nc3 g6 4. d4 cxd4 5. Nxd4 Bg7 6. Nxc6 bxc6 7. e4 d6 8. Be3 Nf6 9. f3 O-O 10. Be2 Rb8 11. Rb1 Qc7 12. O-O Rd8 13. Qa4 a5 14. Rfd1 Rb4 15. Qc2 Ba6 16. a3 Rb7 17. b4 Rdb8 18. Qa4 Ng4 19. fxg4 Bxc3 20. b5 cxb5 21. cxb5 Qd7 22. Qc2 Bxb5 23. Bxb5 Rxb5 24. Rxb5 Rxb5 25. Qxc3 Qxg4 26. Re1 h5 27. Qc4 Rb2 28. Bf2 h4 29. h3 Qf4 30. Bd4 Rxg2+ 31. Kxg2 Qg3+ 32. Kf1 Qf3+ 33. Bf2 Qxh3+ 34. Ke2 Qg4+ 35. Kd2 Qf3 36. Be3 h3 37. Rf1 Qg2+ 38. Rf2 Qxf2+ 39. Bxf2 h2 40. Qf1 1-0

[Event "White Rook U14 Final 2019"]
[Site "Sochi"]
[Date "2019.06.09"]
[Round "8.10"]
[White "Fomkin, Dmitry"]
[Black "Ivanov, Matvei"]
[Result "1-0"]
[ECO "B13"]
[WhiteElo "1733"]
[BlackElo "1529"]
[Annotator "NA"]
[PlyCount "145"]
[EventDate "2019.06.02"]
[EventCountry "RUS"]
[SourceTitle "playchess.com"]
[Source "ChessBase"]
[SourceQuality "1"]
[TimeControl "5400+30"]

1. e4 c6 2. d4 d5 3. exd5 cxd5 4. Bd3 Nc6 5. c3 Nf6 6. h3 g6 7. Nf3 Bf5 8. Be2 Bg7 9. O-O O-O 10. Bf4 Qb6 11. Qb3 Qxb3 12. axb3 Ne4 13. b4 a6 14. Bc7 Rfc8 15. Bb6 Nb8 16. b5 Nd7 17. Ba5 axb5 18. Nbd2 Nd6 19. Bb4 Ra6 20. g4 Be6 21. Ng5 Nf8 22. Nb3 Bd7 23. Nc5 Rxa1 24. Rxa1 Bc6 25. Ra7 Bf6 26. Nf3 Rd8 27. Ba5 Rc8 28. Ne5 Ne6 29. Nxe6 fxe6 30. f4 Nc4 31. Bxc4 bxc4 32. Nf3 Kf7 33. Bb4 Rc7 34. Kf2 Rd7 35. Ra8 b5 36. Rc8 Bb7 37. Rb8 Rc7 38. g5 Bg7 39. Ke3 Bc6 40. Bc5 Be8 41. h4 Bd7 42. Kf2 Be8 43. Kg3 Bd7 44. h5 Be8 45. h6 Bh8 46. Kf2 Kf8 47. Ke2 Kf7 48. Kd2 Kf8 49. Kc1 Kf7 50. Ne1 Kf8 51. Nc2 Kf7 52. Nb4 Kf8 53. Kb1 Kf7 54. Na6 Rc6 55. Rb7 Kf8 56. Bxe7+ Kg8 57. Nc5 b4 58. Rxb4 Rc7 59. Bd6 Rc6 60. Rb8 Kf7 61. Rb7+ Kg8 62. Re7 Bf7 63. Nb7 Rb6 64. Bc5 Rc6 65. Nd6 Be5 66. fxe5 Kf8 67. Rxf7+ Kg8 68. Rg7+ Kf8 69. Rxh7 Rxc5 70. dxc5 d4 71. c6 dxc3 72. c7 Kg8 73. Rg7+ 1-0

[Event "White Rook U14 Final 2019"]
[Site "Sochi"]
[Date "2019.06.09"]
[Round "8.11"]
[White "Valiev, Ravil"]
[Black "Ponomarev, Andrey A."]
[Result "1/2-1/2"]
[ECO "A56"]
[WhiteElo "1458"]
[BlackElo "1919"]
[Annotator "NA"]
[PlyCount "68"]
[EventDate "2019.06.02"]
[EventCountry "RUS"]
[SourceTitle "playchess.com"]
[Source "ChessBase"]
[SourceQuality "1"]
[TimeControl "5400+30"]

1. d4 Nf6 2. c4 c5 3. d5 e5 4. Nc3 d6 5. e4 Be7 6. Bd3 O-O 7. Nge2 Ne8 8. O-O g6 9. f4 Nd7 10. f5 Ng7 11. Ng3 a6 12. a4 Nf6 13. Bh6 Kh8 14. Be2 Ng8 15. Be3 b6 16. Qd2 Rb8 17. Qc2 Bd7 18. Rf3 Bg5 19. Qd2 Bxe3+ 20. Qxe3 Nf6 21. Raf1 Qe7 22. Qg5 Nge8 23. h4 Rb7 24. h5 Nxd5 25. f6 Ndxf6 26. Rxf6 Nxf6 27. Rxf6 Be6 28. Nd5 Bxd5 29. exd5 Rg8 30. h6 Rd8 31. Ne4 Kg8 32. Kh2 Qf8 33. Kg1 Ra7 34. b3 Rb7 1/2-1/2

[Event "White Rook U14 Final 2019"]
[Site "Sochi"]
[Date "2019.06.09"]
[Round "8.12"]
[White "Namay, Viktoria"]
[Black "Magizova, Yana"]
[Result "1-0"]
[ECO "E21"]
[WhiteElo "1359"]
[BlackElo "1585"]
[Annotator "NA"]
[PlyCount "77"]
[EventDate "2019.06.02"]
[EventCountry "RUS"]
[SourceTitle "playchess.com"]
[Source "ChessBase"]
[SourceQuality "1"]
[TimeControl "5400+30"]

1. d4 Nf6 2. c4 e6 3. Nf3 b6 4. g3 Bb7 5. Bg2 Ne4 6. Nc3 Bb4 7. Bd2 Bxc3 8. Bxc3 Nxc3 9. bxc3 f5 10. O-O d6 11. Qd3 Qf6 12. Nh4 Bxg2 13. Nxg2 Nd7 14. Rfe1 O-O 15. Nf4 g5 16. Ng2 Rf7 17. f4 d5 18. fxg5 Qxg5 19. Nf4 Nf6 20. Nxe6 Qh5 21. Nf4 Qg5 22. cxd5 Ng4 23. e4 Qh6 24. h3 fxe4 25. Rxe4 Nf6 26. Re6 Rg7 27. Qf3 Qg5 28. Kf2 Rf8 29. Rae1 Nh5 30. Re8 Rgf7 31. R1e5 Qh6 32. Rxf8+ Qxf8 33. Qxh5 a5 34. Ke3 h6 35. Re6 Re7 36. Qe5 Rxe6 37. Qxe6+ Kh7 38. Ke4 Qg7 39. Qf5+ 1-0

[Event "White Rook U14 Final 2019"]
[Site "Sochi"]
[Date "2019.06.09"]
[Round "8.13"]
[White "Erastov, Semen"]
[Black "Shakhov, Dmitriy"]
[Result "1-0"]
[ECO "E04"]
[WhiteElo "2028"]
[BlackElo "1624"]
[Annotator "NA"]
[PlyCount "67"]
[EventDate "2019.06.02"]
[EventCountry "RUS"]
[SourceTitle "playchess.com"]
[Source "ChessBase"]
[SourceQuality "1"]
[TimeControl "5400+30"]

1. d4 d5 2. c4 e6 3. Nf3 Nf6 4. g3 dxc4 5. Bg2 b5 6. Ne5 Nd5 7. a4 c6 8. O-O Bb7 9. Nc3 a6 10. Nxd5 cxd5 11. f4 Be7 12. f5 O-O 13. fxe6 fxe6 14. Bh3 Qc8 15. e4 dxe4 16. Rxf8+ Bxf8 17. Qh5 Bd5 18. Qf7+ Kh8 19. axb5 a5 20. Bg5 Bb4 21. Rf1 Na6 22. bxa6 Rxa6 23. Be7 Ra8 24. Qh5 Qe8 25. Rf8+ Qxf8 26. Bxf8 Bxf8 27. Nf7+ Kg8 28. Ng5 h6 29. Qf7+ Kh8 30. Bxe6 Bxe6 31. Nxe6 c3 32. bxc3 a4 33. Nxf8 a3 34. Ne6 1-0

[Event "White Rook U14 Final 2019"]
[Site "Sochi"]
[Date "2019.06.09"]
[Round "8.14"]
[White "Bratov, Ademir"]
[Black "Zhukov, Maksim"]
[Result "1/2-1/2"]
[ECO "B39"]
[WhiteElo "1725"]
[BlackElo "1986"]
[Annotator "NA"]
[PlyCount "94"]
[EventDate "2019.06.02"]
[EventCountry "RUS"]
[SourceTitle "playchess.com"]
[Source "ChessBase"]
[SourceQuality "1"]
[TimeControl "5400+30"]

1. e4 c5 2. Nf3 Nc6 3. d4 cxd4 4. Nxd4 g6 5. c4 Bg7 6. Be3 Nf6 7. Nc3 Ng4 8. Qxg4 Nxd4 9. Qd1 Ne6 10. Qd2 d6 11. Be2 b6 12. O-O Bb7 13. f3 O-O 14. Rac1 a5 15. b3 Nc5 16. Rfd1 f5 17. exf5 gxf5 18. Bf1 Kh8 19. Ne2 Rf6 20. Nf4 e5 21. Nd5 Rg6 22. Bd3 Bxd5 23. cxd5 Qd7 24. f4 Rg8 25. Bf1 e4 26. Qc2 Bf6 27. a3 Qg7 28. Rd2 Nd3 29. Bxd3 exd3 30. Qxd3 Rxg2+ 31. Kh1 Rxd2 32. Qxd2 Qg4 33. Qf2 b5 34. a4 bxa4 35. bxa4 h5 36. Rg1 Qh3 37. Rxg8+ Kxg8 38. Qg2+ Qxg2+ 39. Kxg2 Bd8 40. Ba7 Kf7 41. Kf3 Ke7 42. Ke3 Kd7 43. Kd3 Kc7 44. Kc4 Kb7 45. Bd4 Bb6 46. Bf6 Be3 47. Bg5 Ka6 1/2-1/2

[Event "White Rook U14 Final 2019"]
[Site "Sochi"]
[Date "2019.06.09"]
[Round "8.15"]
[White "Ermolaev, Ivan"]
[Black "Druchenko, Mikhail"]
[Result "0-1"]
[ECO "C56"]
[WhiteElo "1776"]
[BlackElo "1774"]
[Annotator "NA"]
[PlyCount "80"]
[EventDate "2019.06.02"]
[EventCountry "RUS"]
[SourceTitle "playchess.com"]
[Source "ChessBase"]
[SourceQuality "1"]
[TimeControl "5400+30"]

1. e4 e5 2. Nf3 Nc6 3. d4 exd4 4. Bc4 Bc5 5. c3 Nf6 6. e5 d5 7. Bb5 Ne4 8. Nxd4 O-O 9. Bxc6 bxc6 10. O-O Bd7 11. f3 Ng5 12. f4 Ne4 13. Be3 f6 14. Nd2 fxe5 15. fxe5 Nxd2 16. Qxd2 Qe7 17. Bf4 Bb6 18. Rae1 c5 19. Nf3 Be6 20. Bg3 c6 21. Bh4 Qd7 22. Kh1 Rae8 23. a3 c4 24. Nd4 c5 25. Nxe6 Qxe6 26. Rxf8+ Rxf8 27. Bf2 Rf5 28. Qe2 d4 29. Bg3 d3 30. Qe4 h6 31. h3 Bc7 32. b3 d2 33. Rd1 Bxe5 34. bxc4 Qf7 35. Rxd2 Bxg3 36. Rd8+ Kh7 37. Rd3 Qg6 38. Rf3 Rxf3 39. gxf3 Qxe4 40. fxe4 Kg6 0-1

[Event "White Rook U14 Final 2019"]
[Site "Sochi"]
[Date "2019.06.09"]
[Round "8.16"]
[White "Kuskova, Ruslana"]
[Black "Kuzmina, Varvara"]
[Result "1/2-1/2"]
[ECO "B38"]
[WhiteElo "1177"]
[BlackElo "1190"]
[Annotator "NA"]
[PlyCount "66"]
[EventDate "2019.06.02"]
[EventCountry "RUS"]
[SourceTitle "playchess.com"]
[Source "ChessBase"]
[SourceQuality "1"]
[TimeControl "5400+30"]

1. e4 c5 2. Nf3 g6 3. d4 cxd4 4. Nxd4 Bg7 5. c4 Nc6 6. Be3 Nf6 7. Nc3 O-O 8. Be2 d6 9. O-O Bd7 10. Qd2 Rb8 11. b3 Qa5 12. f3 Nxd4 13. Bxd4 Ne8 14. Rac1 Bxd4+ 15. Qxd4 Qc5 16. Qxc5 dxc5 17. Rfd1 Bc6 18. Nd5 Bxd5 19. exd5 Nd6 20. Bd3 a5 21. a4 Rfe8 22. Re1 e6 23. dxe6 Rxe6 24. Rxe6 fxe6 25. Re1 Re8 26. Kf2 b6 27. Re3 Kf7 28. f4 Nf5 29. Bxf5 exf5 30. Rxe8 Kxe8 31. Kf3 Kf7 32. h3 h5 33. h4 Kf6 1/2-1/2

[Event "White Rook U14 Final 2019"]
[Site "Sochi"]
[Date "2019.06.09"]
[Round "8.17"]
[White "Gashev, Matvei"]
[Black "Morozov, Gennady"]
[Result "0-1"]
[ECO "E84"]
[WhiteElo "1968"]
[BlackElo "1997"]
[Annotator "NA"]
[PlyCount "101"]
[EventDate "2019.06.02"]
[EventCountry "RUS"]
[SourceTitle "playchess.com"]
[Source "ChessBase"]
[SourceQuality "1"]
[TimeControl "5400+30"]

1. d4 Nf6 2. c4 g6 3. f3 Bg7 4. e4 O-O 5. Nc3 d6 6. Be3 Nc6 7. Nge2 a6 8. Qd2 Rb8 9. Nc1 Re8 10. Nb3 Bd7 11. Be2 e5 12. d5 Ne7 13. c5 Nh5 14. O-O-O Nf4 15. Rdg1 Nc8 16. h4 dxc5 17. Nxc5 Nd6 18. Nxd7 Qxd7 19. Bf1 b5 20. g3 Nh5 21. Bh3 Qe7 22. Bg5 f6 23. Be6+ Kh8 24. g4 Nc4 25. Qc2 Nf4 26. Bxf4 exf4 27. g5 b4 28. Na4 Ne5 29. h5 fxg5 30. hxg6 h6 31. Rh3 Qf6 32. Nc5 Rb6 33. Bf5 Kg8 34. Rg2 Reb8 35. b3 Rd6 36. Ne6 c6 37. Nxg7 Kxg7 38. Kb1 Nxg6 39. Qc4 Re8 40. Qxb4 cxd5 41. Rd2 d4 42. Rh1 Ne5 43. Rhd1 Nxf3 44. Rd3 Nh4 45. Bg4 Rxe4 46. Qb8 Re7 47. Rc1 Rc6 48. Rxc6 Qxc6 49. Qd8 Rc7 50. Qxd4+ Qf6 51. Qb4 0-1

[Event "White Rook U14 Final 2019"]
[Site "Sochi"]
[Date "2019.06.09"]
[Round "8.18"]
[White "Ermakov, Maksim"]
[Black "Kharitonov, Maksim"]
[Result "1/2-1/2"]
[ECO "A85"]
[WhiteElo "1623"]
[BlackElo "1469"]
[Annotator "NA"]
[PlyCount "71"]
[EventDate "2019.06.02"]
[EventCountry "RUS"]
[SourceTitle "playchess.com"]
[Source "ChessBase"]
[SourceQuality "1"]
[TimeControl "5400+30"]

1. d4 f5 2. Nf3 Nf6 3. e3 g6 4. c4 Bg7 5. Nc3 d6 6. Bd3 O-O 7. O-O Qe8 8. Nd5 Na6 9. Nxf6+ Bxf6 10. d5 Nc5 11. Be2 a5 12. Rb1 Bd7 13. Nd4 Qf7 14. b3 c6 15. Bb2 Ne4 16. f3 Nc5 17. Qd2 Qg7 18. Rfe1 Na6 19. Bf1 Nc7 20. e4 f4 21. Ne2 g5 22. Bxf6 Rxf6 23. Nd4 c5 24. Nc2 Rh6 25. e5 b6 26. exd6 exd6 27. Re2 Re8 28. Rbe1 Rxe2 29. Qxe2 Bf5 30. Na3 Rf6 31. Nb1 Rf8 32. Qd2 Re8 33. Rxe8+ Nxe8 34. Nc3 Nc7 35. Na4 Na8 36. Kf2 1/2-1/2

[Event "White Rook U14 Final 2019"]
[Site "Sochi"]
[Date "2019.06.09"]
[Round "8.20"]
[White "Korovina, Yana"]
[Black "Belova, Darya"]
[Result "1-0"]
[ECO "B01"]
[WhiteElo "1672"]
[BlackElo "1163"]
[Annotator "NA"]
[PlyCount "120"]
[EventDate "2019.06.02"]
[EventCountry "RUS"]
[SourceTitle "playchess.com"]
[Source "ChessBase"]
[SourceQuality "1"]
[TimeControl "5400+30"]

1. e4 d5 2. exd5 Qxd5 3. Nc3 Qa5 4. d4 c6 5. Nf3 Nf6 6. Be2 Bf5 7. O-O e6 8. Bf4 Be7 9. Ne5 O-O 10. Nc4 Qd8 11. Qd2 Nbd7 12. Bd6 Nd5 13. Bxe7 Qxe7 14. Ne3 Bg6 15. Rfe1 N7f6 16. Bf3 Rad8 17. Ncxd5 cxd5 18. b3 Qc7 19. c4 Be4 20. Bxe4 Nxe4 21. Qd3 Nf6 22. Rac1 Qa5 23. c5 a6 24. b4 Qc7 25. a4 Ra8 26. Rb1 Ne4 27. Ng4 Qf4 28. f3 Rfd8 29. Ne5 Nf6 30. Re2 Nd7 31. Nxd7 Rxd7 32. b5 axb5 33. axb5 Qc7 34. Rc2 b6 35. cxb6 Qxb6 36. Rc6 Qb7 37. Qc2 h6 38. b6 Rb8 39. Rb2 Qa6 40. b7 Qa1+ 41. Kf2 Qa7 42. Rc8+ Rd8 43. Qc7 Qxd4+ 44. Kg3 Rbxc8 45. bxc8=Q Rxc8 46. Qxc8+ Kh7 47. Qc2+ g6 48. Rb3 Qe5+ 49. f4 Qe1+ 50. Qf2 Qd1 51. Rb7 Qd3+ 52. Qf3 Qf5 53. Kf2 Qc2+ 54. Kg1 Qc1+ 55. Qf1 Qe3+ 56. Kh1 Kg7 57. Qa1+ d4 58. Rb4 Qxf4 59. Qxd4+ Qxd4 60. Rxd4 Kf6 1-0

[Event "White Rook U14 Final 2019"]
[Site "Sochi"]
[Date "2019.06.09"]
[Round "8.21"]
[White "Kuzmin, Roman"]
[Black "Balashov, Arseny"]
[Result "1-0"]
[ECO "B32"]
[WhiteElo "2119"]
[BlackElo "1990"]
[Annotator "NA"]
[PlyCount "81"]
[EventDate "2019.06.02"]
[EventCountry "RUS"]
[SourceTitle "playchess.com"]
[Source "ChessBase"]
[SourceQuality "1"]
[TimeControl "5400+30"]

1. e4 c5 2. Nf3 Nc6 3. d4 cxd4 4. Nxd4 e5 5. Nb5 a6 6. Nd6+ Bxd6 7. Qxd6 Qe7 8. Qd1 Nf6 9. Nc3 d6 10. Bc4 Be6 11. Nd5 Bxd5 12. Bxd5 Nxd5 13. Qxd5 Nd4 14. O-O Rc8 15. a3 Rc5 16. Qa2 Rxc2 17. Be3 Qe6 18. Bxd4 exd4 19. Qb1 Qc4 20. Qd1 d3 21. b4 Qxe4 22. Re1 Re2 23. Kf1 Kd7 24. Rxe2 dxe2+ 25. Qxe2 Re8 26. Qa2 Qd3+ 27. Kg1 Re6 28. h3 Qc3 29. Kh2 Qe5+ 30. Kg1 Qe2 31. Qd5 Qe4 32. Qb3 d5 33. Rd1 Rd6 34. b5 Qc4 35. Qf3 Ke7 36. bxa6 bxa6 37. Qe3+ Qe4 38. Qd2 Kf8 39. Re1 Qa4 40. Qd3 Kg8 41. Qb3 1-0

[Event "White Rook U14 Final 2019"]
[Site "Sochi"]
[Date "2019.06.09"]
[Round "8.22"]
[White "Mikheev, Arsenii E."]
[Black "Pingin, Artem"]
[Result "0-1"]
[ECO "B51"]
[WhiteElo "1500"]
[BlackElo "2108"]
[Annotator "NA"]
[PlyCount "88"]
[EventDate "2019.06.02"]
[EventCountry "RUS"]
[SourceTitle "playchess.com"]
[Source "ChessBase"]
[SourceQuality "1"]
[TimeControl "5400+30"]

1. e4 c5 2. Nf3 d6 3. Bb5+ Nd7 4. d4 cxd4 5. Qxd4 a6 6. Bxd7+ Bxd7 7. c4 e5 8. Qd3 h6 9. Nc3 Nf6 10. O-O Be7 11. h3 O-O 12. a4 a5 13. b3 Be6 14. Ba3 Nh5 15. Ne2 Qc7 16. Rfd1 Ra6 17. Rac1 g6 18. Nh2 Kh7 19. Nf1 f5 20. Nfg3 Nxg3 21. Nxg3 f4 22. Nf1 f3 23. g4 h5 24. Ne3 hxg4 25. hxg4 Qc8 26. Kf1 Bxg4 27. Ke1 Be6 28. Kd2 Rf4 29. Kc2 Qc6 30. Rh1+ Kg7 31. Nd5 Bxd5 32. exd5 Qd7 33. Rcg1 Qf5 34. Qxf5 Rxf5 35. Kd3 Ra8 36. Rg3 Rf4 37. Rhh3 g5 38. Ke3 g4 39. Rh1 Kg6 40. Rb1 Kf5 41. Rh1 Re4+ 42. Kd3 Re2 43. Rh7 e4+ 44. Kc3 Bf6# 0-1

[Event "White Rook U14 Final 2019"]
[Site "Sochi"]
[Date "2019.06.09"]
[Round "8.23"]
[White "Shirkunov, Alexandr"]
[Black "Klimovskikh, Nikita"]
[Result "1-0"]
[ECO "E01"]
[WhiteElo "1557"]
[BlackElo "1333"]
[Annotator "NA"]
[PlyCount "103"]
[EventDate "2019.06.02"]
[EventCountry "RUS"]
[SourceTitle "playchess.com"]
[Source "ChessBase"]
[SourceQuality "1"]
[TimeControl "5400+30"]

1. d4 Nf6 2. c4 e6 3. g3 d5 4. Nf3 Bb4+ 5. Nbd2 Be7 6. Bg2 O-O 7. O-O c6 8. Qc2 Nbd7 9. e4 dxe4 10. Nxe4 Nxe4 11. Qxe4 Nf6 12. Qe2 Re8 13. Rd1 Bf8 14. Bf4 h6 15. h4 Bd6 16. Ne5 Qe7 17. a3 Bxe5 18. Bxe5 Nd7 19. c5 Nxe5 20. Qxe5 Rd8 21. b4 a5 22. Rab1 axb4 23. axb4 Qd7 24. Bf1 Ra4 25. b5 Rxd4 26. bxc6 bxc6 27. Rxd4 Qxd4 28. Qxd4 Rxd4 29. Rb8 Rd8 30. Ba6 Bxa6 31. Rxd8+ Kh7 32. Rd6 Bb5 33. Kg2 Kg6 34. Kf3 Bc4 35. Ke3 Bd5 36. g4 Kf6 37. Rd8 g6 38. Rh8 Kg7 39. Ra8 Kf6 40. f4 h5 41. gxh5 gxh5 42. Rg8 e5 43. Rg5 exf4+ 44. Kxf4 Bh1 45. Rxh5 Kg6 46. Rg5+ Kh6 47. Ke5 Bd5 48. Kf6 Be6 49. Ke7 Bc4 50. Kf6 Be6 51. Rg7 Kh5 52. Rxf7 1-0

[Event "White Rook U14 Final 2019"]
[Site "Sochi"]
[Date "2019.06.09"]
[Round "8.24"]
[White "Belova, Tatyana"]
[Black "Toledo Flores, Marianna"]
[Result "1/2-1/2"]
[ECO "D35"]
[WhiteElo "1222"]
[BlackElo "1530"]
[Annotator "NA"]
[PlyCount "105"]
[EventDate "2019.06.02"]
[EventCountry "RUS"]
[SourceTitle "playchess.com"]
[Source "ChessBase"]
[SourceQuality "1"]
[TimeControl "5400+30"]

1. d4 Nf6 2. c4 e6 3. Nc3 d5 4. cxd5 exd5 5. Bf4 c6 6. e3 Be7 7. Bd3 O-O 8. Nge2 Nbd7 9. Qc2 Re8 10. f3 Nf8 11. e4 dxe4 12. fxe4 c5 13. d5 Ng6 14. O-O-O a6 15. h3 b5 16. e5 Nh5 17. Bd2 Bh4 18. g4 Ng3 19. Nxg3 Bxg3 20. e6 fxe6 21. dxe6 Rxe6 22. Bf5 Rb6 23. Be4 Bb7 24. Bxb7 Rxb7 25. Ne4 Be5 26. Nxc5 Rc7 27. Ba5 Qg5+ 28. Kb1 Rc6 29. Qb3+ Kh8 30. Ne6 Qe7 31. Rd8+ Rxd8 32. Nxd8 Rf6 33. Rc1 Bd4 34. a3 h6 35. Nc6 Qe4+ 36. Qc2 Qxc2+ 37. Rxc2 Rf1+ 38. Ka2 Bf6 39. Nb4 Rh1 40. Nxa6 Ne5 41. Bc3 Rxh3 42. Bxe5 Bxe5 43. Rc5 Bd4 44. Rxb5 Rg3 45. a4 Rxg4 46. a5 g5 47. b4 h5 48. Nc5 h4 49. a6 Bxc5 50. Rxc5 Rxb4 51. Rxg5 Ra4+ 52. Kb3 Rxa6 53. Rh5+ 1/2-1/2